Description

Nexus first into Phoenix Adept

VOD

http://lotv.spawningtool.com/15519/

Replay - llllllllllll v Stork - 엔디온 잔해

Build Order

Get SALT Encoding   

  14  0:19  Pylon  
  17  1:02  Nexus  
  18  1:11  Gateway  
  19  1:19  Assimilator  
  19  1:24  Probe (Chrono Boost)  
  20  1:26  Assimilator  
  20  1:38  Pylon  
  22  1:58  Cybernetics Core  
  28  2:34  Warp Gate  
  28  2:35  Adept (Chrono Boost)  
  31  2:39  Stargate  
  35  3:01  Adept (Chrono Boost)  
  41  3:22  Phoenix (Chrono Boost)  
  45  3:40  Twilight Council  
  46  3:46  Assimilator x2  
  46  3:48  Mothership Core  
  51  3:50  Phoenix (Chrono Boost)  
  52  4:09  Phoenix (Chrono Boost)  
  57  4:19  Resonating Glaives (Chrono Boost)  
  57  4:23  Gateway x3  
  58  4:29  Phoenix  
  57  4:35  Gateway x2  
  59  4:47  Gateway  
  59  4:49  Adept  
  59  4:51  Phoenix  
  65  5:12  Adept  
  67  5:18  Phoenix  
  67  5:23  Adept  
  71  5:34  Adept x4  
  79  5:43  Adept  
  77  7:03  Phoenix  
  83  7:28  Phoenix  
Spawning Tool Build Advisor. Get it on Overwolf

Go to:

Details

  • Created by: Nelsquik
  • Published on: May 06, 2017
  • Modified on: May 11, 2017
  • Patch: 3.8.0
Show
View Real Time Build Order
Export as new Build Order

Comments (0)

There are no comments. Be the first!

Create an account to comment!